 Dungeon Crawl Stone Soup version 0.25-a0-413-g3b4b6a4ccc (webtiles) character file.

Game seed: 12495250041266904872, levelgen mode: deterministic

74 salade2fruit the Firebug (level 4, 0/27 HPs)
             Began as an Octopode Fire Elementalist on Jan 14, 2020.
             Was an Initiate of Gozag.
             Slain by an adder (3 damage)
             ... on level 3 of the Dungeon.
             The game lasted 00:07:41 (2413 turns).

salade2fruit the Firebug (OpFE)                     Turns: 2413, Time: 00:07:42

Health: 0/27       AC:  1    Str:  7    XL:     4   Next: 28%
Magic:  5/8        EV: 19    Int: 18    God:    Gozag
Gold:   252        SH:  0    Dex: 17    Spells: 4/8 levels left

rFire    . . .     SeeInvis .   a - +0 club
rCold    . . .     Gourm    .   (no shield)
rNeg     . . .     Faith    .   (helmet restricted)
rPois    .         Spirit   .   (no amulet)
rElec    .         Reflect  .   (no ring)
rCorr    .         Harm     .   (no ring)
MR       .....                  (no ring)
Stlth    ++++......             (no ring)
HPRegen  0.09/turn              (no ring)
MPRegen  0.11/turn              (no ring)
                                (no ring)
                                (no ring)

@: agile, lethally poisoned (0 -> -3), flying, invisible
A: almost no armour, stealthy swim, amphibious, 8 rings, constrict 8, camouflage
1, gelatinous body 1
a: Potion Petition, Call Merchant, Bribe Branch, Renounce Religion


You were on level 3 of the Dungeon.
You worshipped Gozag.
Gozag was aware of your devotion.
You were not hungry.

You visited 1 branch of the dungeon, and saw 3 of its levels.

You collected 282 gold pieces.
You paid 30 gold pieces to Gozag.

Inventory:

Hand Weapons
 a - a +0 club (weapon)
Missiles
 c - 8 silver javelins (quivered)
 f - 35 arrows
Jewellery
 k - an uncursed amulet of faith {unknown}
Scrolls
 d - a scroll of remove curse {unknown}
 e - a scroll of blinking {unknown}
 g - a scroll of teleportation {unknown}
 i - a scroll of fear {unknown}
 l - 3 scrolls of noise {unknown}
Potions
 h - 2 potions of curing {unknown}
 j - a potion of invisibility {unknown}
 m - a potion of haste {unknown}
Comestibles
 b - 3 rations


   Skills:
 - Level 2.0 Dodging
 - Level 2.6 Stealth
 + Level 2.8 Spellcasting
 + Level 2.3 Conjurations
 + Level 3.7 Fire Magic


You had 4 spell levels left.
You knew the following spells:

 Your Spells              Type           Power        Failure   Level  Hunger
a - Foxfire               Conj/Fire      ##..         4%          1    None
d - Conjure Flame         Conj/Fire      ##......     14%         3    ###....

Your spell library contained the following spells:

 Spells                   Type           Power        Failure   Level  Hunger
 Inner Flame              Hex/Fire       #.......     22%         3    ###....
 Sticky Flame             Conj/Fire      ##......     43%         4    ####...
 Fireball                 Conj/Fire      ##........   78%         5    ######.


Dungeon Overview and Level Annotations

Branches:
Dungeon (3/15)

Altars:
Gozag
Nemelex Xobeh
Qazlal
Zin


Innate Abilities, Weirdness & Mutations

You cannot wear most types of armour.
You are very stealthy in the water. (Stealth+)
You are amphibious.
You can wear up to eight rings at the same time.
You can use your tentacles to constrict eight enemies at once.
Your skin changes colour to match your surroundings (Stealth+).
Your rubbery body absorbs attacks. (AC +1, EV +1)


Message History

You feel sick. The adder bites you. x2
Casting: Foxfire (safe; 4% risk of failure)
Confirm with . or Enter, or press ? or * to list all spells.
Nothing appears to happen.
You feel sick. The adder bites you.
Casting: Foxfire (safe; 4% risk of failure)
Confirm with . or Enter, or press ? or * to list all spells.
You conjure some foxfire!
The adder misses you. The adder bites you.
* * * LOW HITPOINT WARNING * * *
Okay, then. [a] - 0 gold - might, agility and brilliance [b] - 0 gold - invisibility and agility [c] - 0 gold - flight, agility and invisibility Purchase which effect?
You feel very buoyant.
You fly up into the air.
You feel agile all of a sudden.
You fade into invisibility!
* * * LOW HITPOINT WARNING * * *
You feel sick. The adder bites you.
You die...
Your body crumbles into a pile of gold.

#..# #[.# #..#
##..# #...# #..##
#..#
#..##############
#.......v@S......
#)###############
#.#..........#
#.#.########.#
#.#.#......#.#
#.#..<.....#.#
#.##########.#
#..........).#
############## $$


You could see an adder.

Vanquished Creatures
  An adder (D:3)
  4 worms
  3 dart slugs (D:1)
  2 leopard geckos
  2 goblins (D:3)
  5 hobgoblins
  3 jackals (D:2)
  2 quokkas (D:2)
  12 bats
  4 frilled lizards
  3 kobolds
  4 rats
45 creatures vanquished.

Vanquished Creatures (others)
  75 foxfires
75 creatures vanquished.

Grand Total: 120 creatures vanquished

Notes
Turn   | Place    | Note
-------+----------+-------------------------------------------
     0 | D:1      | salade2fruit the Octopode Fire Elementalist began the quest
                  | for the Orb.
     0 | D:1      | Reached XP level 1. HP: 11/11 MP: 3/3
   221 | D:1      | Reached XP level 2. HP: 17/17 MP: 0/5
   963 | D:2      | Reached XP level 3. HP: 15/21 MP: 6/6
  1121 | D:2      | Found a sparkling altar of Nemelex Xobeh.
  1121 | D:2      | Found an opulent altar of Gozag.
  1130 | D:2      | Became a worshipper of Gozag Ym Sagoz the Greedy
  1646 | D:2      | Found a stormy altar of Qazlal.
  1699 | D:2      | Found a glowing silver altar of Zin.
  1866 | D:2      | Reached XP level 4. HP: 26/27 MP: 6/8
  2012 | D:3      | Learned a level 3 spell: Conjure Flame
  2413 | D:3      | Slain by an adder

Levels and vault maps discovered:
D:1:      lightli_arrival_flooded_house, layout_loops_ring, minivault_27
D:2:      layout_basic, grunt_temple_overflow_opulence,
          overflow_temple_1_default, zin_statuary
D:3:      layout_basic, lemuel_coloured_pillars_altar,
          hellmonk_ghost_happy_afterlife

Skill      XL: |  1  2  3 |
---------------+----------+-----
Conjurations   | 2 |  2.3
Dodging        | |  2.0
Stealth        | |  2.6
Spellcasting   | |  2.8
Fire Magic     | |  3.7

Action                   |  1- 3 |  4- 6 || total
-------------------------+-------+-------++-------
Melee: Club              |    59 |     8 ||    67
       Unarmed           |     3 |       ||     3
       Constrict         |    17 |     3 ||    20
       Tentacles         |     4 |     1 ||     5
 Cast: Foxfire           |    39 |    13 ||    52
       Conjure Flame     |       |     2 ||     2
Invok: Potion Petition   |       |     1 ||     1
 Stab: Sleeping          |     9 |       ||     9
  Eat: Ration            |     1 |     1 ||     2
Armor: Skin              |     4 |     1 ||     5
Dodge: Dodged            |    45 |     4 ||    49

Table legend:
 A = Non-vault XP
 B = Vault XP
 C = Vault XP percentage of total XP
 D = Non-vault monster count
 E = Vault monster count
 F = Vault count percentage of total count
                 A         B        C        D         E       F
            +---------+---------+-------+---------+---------+-------
      Total |     106 |       0 |   0.0 |      45 |       0 |   0.0
            +---------+---------+-------+---------+---------+-------
        D:1 |      33 |       0 |   0.0 |      16 |       0 |   0.0
        D:2 |      50 |       0 |   0.0 |      24 |       0 |   0.0
        D:3 |      23 |       0 |   0.0 |       5 |       0 |   0.0
            +---------+---------+-------+---------+---------+-------
